 Dungeon Crawl Stone Soup version 0.16.1-17-g773cdaf (webtiles) character file.

133 senseless the Conjurer (level 5, -3/36 HPs)
             Began as a Human Conjurer on Apr 23, 2015.
             Killed from afar by raikaria's ghost (14 damage)
             ... with a stone arrow
             ... on level 4 of the Dungeon.
             The game lasted 00:14:29 (2976 turns).

senseless the Conjurer (Human Conjurer)             Turns: 2976, Time: 00:14:29

Health: -3/36      AC:  3    Str:  9    XL:     5   Next: 40%
Magic:  5/9        EV: 13    Int: 16    God:
Gold:   126        SH:  0    Dex: 13    Spells: 3 memorised, 2 levels left

rFire  . . .     SeeInvis .     g - +3 spear (flame)
rCold  . . .     Clarity  .     s - +0 robe
rNeg   . . .     SustAb   .     (no shield)
rPois  .         Gourm    .     e - +0 helmet
rElec  .         Spirit   .     (no cloak)
rCorr  .         Warding  .     (no gloves)
rMut   .         Stasis   .     (no boots)
MR     .....                    (no amulet)
Stlth  ++........               (no ring)
                                (no ring)

@: not resistant to hostile enchantments, unstealthy
A: no striking features
a: no special abilities


You were on level 4 of the Dungeon.
You were not hungry.

You visited 1 branch of the dungeon, and saw 4 of its levels.

You collected 126 gold pieces.

Inventory:

Hand weapons
 g - a +3 spear of flaming (weapon)
 u - a +0 hunting sling
Missiles
 d - 124 stones (quivered)
 v - 39 sling bullets
Armour
 e - a +0 helmet (worn)
 s - a +0 robe (worn)
Magical staves
 w - an uncursed staff of fire
Scrolls
 m - 2 scrolls of fear
 o - a scroll of remove curse
Potions
 a - a potion of cancellation {unknown}
 f - a potion of ambrosia {unknown}
 i - 3 potions of lignification
 j - a potion of invisibility {unknown}
 k - a potion of flight {unknown}
 l - 2 potions of haste
 n - a potion of brilliance {unknown}
 p - a potion of agility {unknown}
 q - a potion of heal wounds {unknown}
Books
 c - a book of Conjurations

   Spells                             Type                      Level
   a - Magic Dart                     Conjuration                  1
   b - Searing Ray                    Conjuration                  2
   c - Dazzling Spray                 Conjuration/Hexes            3
   d - Fulminant Prism                Conjuration/Hexes            4
   e - Iskenderun's Mystic Blast      Conjuration                  4
   f - Iskenderun's Battlesphere      Conjuration/Charms           5
Comestibles
 b - 2 bread rations
 h - a beef jerky


   Skills:
 + Level 0.8 Fighting
 + Level 1.4 Polearms
 + Level 2.8 Dodging
 + Level 2.9 Stealth
 + Level 2.2 Spellcasting
 + Level 4.9 Conjurations


You had 2 spell levels left.
You knew the following spells:

 Your Spells              Type           Power        Failure   Level  Hunger
a - Magic Dart            Conj           ###.         2%          1    #......
b - Searing Ray           Conj           ###...       4%          2    ###....
c - Dazzling Spray        Conj/Hex       #.......     21%         3    ###....


Dungeon Overview and Level Annotations

Branches:
Dungeon (4/15)
 Temple: D:4-7

Altars:

Annotations:
D:4 raikaria's ghost, average FoEE


Message History

The magic dart hits raikaria's ghost.
Raikaria's ghost is lightly damaged.
Raikaria's ghost grins evilly.
Raikaria's ghost points at you and mumbles some strange words.
The stone arrow hits you!
Ouch! That really hurt!
Attack whom?
Press: ? - help, Dir - move target cursor, f/p - raikaria's ghost
Aim: raikaria's ghost (lightly damaged)
You reach to attack!
You hit raikaria's ghost but do no damage.
Raikaria's ghost is lightly damaged.
You hit raikaria's ghost. You burn raikaria's ghost.
Raikaria's ghost is moderately damaged.
Raikaria's ghost closely misses you.
You hit raikaria's ghost but do no damage.
Raikaria's ghost is moderately damaged.
Raikaria's ghost gestures at you while chanting.
The stone arrow hits you!
You die...

.# '###### ####'#...
........
.....'............
....#............ ...
#............ #
#.###............ ##.
##'#.....#'###+##.
#...#..#.....#......'.
#...W@.'.....#......#.
...'...#..#.....#......#.
..#.. #..#.....'......#.
... #........#..###+#.
### #.########..##....
.... #.(...+.... .)..
#.....#.... ##+#
####.##+#....
#....#.......


You could see raikaria's ghost.

Vanquished Creatures
  3 adders
  5 worms
  6 orcs
  A ball python (D:3)
  2 giant cockroaches
  9 goblins
  7 hobgoblins
  11 jackals (D:2)
  3 bats
  3 giant geckos
  3 giant newts
  11 kobolds
  6 rats
70 creatures vanquished.

Notes
Turn   | Place    | Note
--------------------------------------------------------------
     0 | D:1      | senseless, the Human Conjurer, began the quest for the Orb.
     0 | D:1      | Reached XP level 1. HP: 13/13 MP: 3/3
   176 | D:1      | Reached XP level 2. HP: 19/19 MP: 4/4
   180 | D:1      | Learned a level 2 spell: Searing Ray
   596 | D:2      | Reached XP level 3. HP: 20/24 MP: 1/6
   685 | D:2      | Learned a level 3 spell: Dazzling Spray
  1148 | D:2      | Reached XP level 4. HP: 13/30 MP: 1/7
  1694 | D:2      | Reached skill level 1 in Polearms
  2276 | D:3      | Reached XP level 5. HP: 24/36 MP: 6/9
  2969 | D:4      | Noticed raikaria's ghost (average FoEE)
  2976 | D:4      | Killed from afar by raikaria's ghost

Action                   |  1- 3 |  4- 6 || total
-------------------------+-------+-------++-------
Melee: Spear             |    62 |   114 ||   176
 Cast: Magic Dart        |    24 |    15 ||    39
       Searing Ray       |       |     2 ||     2
  Use: Scroll            |       |    11 ||    11
 Stab: Sleeping          |     3 |     2 ||     5
       Distracted        |     1 |     1 ||     2
  Eat: Chunk             |     1 |     6 ||     7
